AoeStats
← bigbrd1026

Hill Fort

505160323Analyzed
3v3 RM · 24d ago on Sep 8, 2026· 61m 51s· 6 players
Game mode
Random Map
Map size
Normal (6 player)
Population
200
Speed
Normal
Resources
Standard
Victory
Conquest
Starting age
Dark Age
Ending age
Imperial Age
RankedLock teamsTeams togetherTeam positionsShared explorationLock speedFull tech treeHidden civsTurbo modeCheats
Victory
Defeat
🇦🇷 Ethiopians · Argentina
930
+16
🇦🇷 Mongols · Argentina
921
+17
🇦🇷 Teutons · Argentina
856
+19
🇺🇸 Franks · United States
956
-48
🇺🇸 Britons · United States
927
-38
🇺🇸 Ethiopians · United States
918
-34
TURCOLLINS
10:02 Feudal Age
17:11 Town Watch
19:39 Castle Age
17:55 Double-Bit Axe
18:41 Padded Archer Armor
18:43 Fletching
20:29 Crossbowman
21:52 Bodkin Arrow
22:13 Leather Archer Armor
23:22 Wheelbarrow
26:08 Bow Saw
25:43 Horse Collar
28:22 Hand Cart
29:06 Gold Mining
32:46 Thumb Ring
33:21 Scale Barding Armor
32:36 Light Cavalry
37:03 Imperial Age
36:03 Gold Shaft Mining
35:18 Stone Mining
35:21 Loom
36:00 Husbandry
37:05 Town Patrol
37:14 Arbalester
37:37 Horse Collar
38:00 Bracer
38:33 Ring Archer Armor
38:44 Conscription
41:03 Ballistics
41:44 Chemistry
42:09 Hussar
46:22 Two-Man Saw
48:06 Heavy Plow
57:22 Caravan
57:52 Coinage
IdlePlebeyo
9:47 Feudal Age
11:53 Double-Bit Axe
12:03 Horse Collar
21:09 Castle Age
21:29 Wheelbarrow
21:32 Pikeman
22:15 Squires
22:02 Gambesons
22:05 Arson
23:03 Scale Mail Armor
23:14 Forging
27:33 Hand Cart
28:38 Bow Saw
28:31 Heavy Plow
29:17 Loom
34:10 Iron Casting
37:07 Scale Barding Armor
45:05 Chain Barding Armor
45:01 Chain Mail Armor
50:00 Ironclad
57:12 Imperial Age
57:22 Capped Ram
57:29 Elite Teutonic Knight
58:29 Conscription
58:32 Crenellations
58:37 Guilds
59:00 Plate Mail Armor
58:54 Town Watch
58:55 Elite Skirmisher
Bitchslap
5:57 Loom
10:35 Feudal Age
13:01 Town Watch
15:25 Castle Age
14:44 Double-Bit Axe
15:21 Horse Collar
23:21 Bloodlines
23:39 Heavy Plow
25:23 Town Watch
26:14 Wheelbarrow
26:18 Bow Saw
26:44 Scale Barding Armor
26:49 Forging
28:20 Hand Cart
28:37 Husbandry
29:54 Gold Mining
29:54 Stone Mining
29:27 Light Cavalry
29:54 Pikeman
35:49 Imperial Age
33:27 Town Patrol
33:57 Chain Barding Armor
33:27 Fletching
33:48 Forging
33:57 Caravan
34:46 Loom
35:47 Bodkin Arrow
37:01 Conscription
36:03 Hussar
38:35 Drill
38:35 Squires
40:40 Iron Casting
40:11 Padded Archer Armor
42:26 Blast Furnace
50:11 Chemistry
50:45 Heavy Camel Rider
59:16 Coinage
58:08 Elite Mangudai
60:44 Bracer
60:45 Padded Archer Armor
prettyawesomeguy
9:50 Feudal Age
10:23 Double-Bit Axe
11:37 Man-at-Arms
14:20 Horse Collar
18:09 Gold Mining
23:26 Castle Age
21:42 Fletching
23:08 Padded Archer Armor
23:54 Crossbowman
24:35 Bodkin Arrow
25:20 Wheelbarrow
25:16 Caravan
27:48 Leather Archer Armor
32:27 Bow Saw
32:47 Hand Cart
33:27 Elite Skirmisher
37:06 Imperial Age
37:03 Pikeman
37:54 Bracer
38:07 Halberdier
38:13 Arbalester
40:59 Ring Archer Armor
44:46 Squires
45:16 Ballistics
45:56 Chemistry
51:32 Elite Longbowman
bigbrd1026
7:29 Loom
9:33 Feudal Age
13:36 Double-Bit Axe
16:35 Horse Collar
19:39 Castle Age
18:28 Fletching
21:28 Heavy Plow
21:23 Crossbowman
24:28 Bow Saw
25:12 Stone Mining
25:13 Gold Mining
30:53 Wheelbarrow
31:19 Caravan
32:36 Thumb Ring
33:09 Town Watch
33:43 Hand Cart
35:15 Ballistics
35:50 Gold Shaft Mining
39:19 Imperial Age
38:14 Stone Shaft Mining
39:33 Arbalester
41:27 Conscription
42:41 Two-Man Saw
45:33 Bodkin Arrow
45:38 Padded Archer Armor
48:59 Masonry
53:38 Leather Archer Armor
53:25 Bracer
bowden
10:37 Feudal Age
12:37 Double-Bit Axe
15:14 Loom
19:27 Castle Age
18:09 Scale Barding Armor
19:03 Forging
23:45 Bow Saw
25:14 Chain Barding Armor
25:29 Iron Casting
24:58 Husbandry
26:59 Gold Mining
33:10 Scale Mail Armor
33:29 Caravan
45:49 Imperial Age
46:27 Cavalier
52:40 Paladin
58:17 Plate Barding Armor
58:43 Blast Furnace
Connection lost

Rejoining the realm…

Still unreachable

The connection could not be restored.

Session expired

The server has moved on; the page needs a fresh start.